 Dungeon Crawl Stone Soup version 0.31-a0-963-ga325b2283a (webtiles) character file.

Game seed: 16232485755066249235

199568 BinkBink the Severer (level 18, -11/255 HPs)
             Began as a Minotaur Monk on Oct 24, 2023.
             Was the Champion of Ru.
             Mangled by a nagaraja
             ... wielding a +0 club
              (18 damage)
             ... on level 4 of the Snake Pit.
             The game lasted 01:17:50 (41397 turns).

BinkBink the Severer (Minotaur Monk)               Turns: 41397, Time: 01:17:51

Health: -11/255    AC: 32    Str: 21    XL:     18   Next: 24%
Magic:  0/17       EV: 16    Int:  2    God:    Ru [******]
Gold:   1413       SH: 16    Dex: 20    Spells: 17/17 levels left

rFire   + + .        v - +8 demon blade "Leech" {evervamp, Harm Drain rN+}
rCold   + + +        w - +2 kite shield {AC+3}
rNeg    + . .        I - +5 ice dragon scales
rPois   +            (helmet restricted)
rElec   .            E - +0 cloak
rCorr   .            F - +1 pair of gloves
SInv    .            c - +2 pair of boots
Will    +....        b - amulet of Loyneo {Spirit rF+++} Stlth
                     S - ring "Giuss" {Ice rPois Slay+5}
HPRegen 0.62/turn    B - ring "Resmoch" {rPois rF+ rC+ Int-5 Dex+4}
MPRegen 0.15/turn

%: harm (+30% outgoing, +20% incoming), guardian spirit
@: berserking, lethally poisoned (-11 -> -33), exhausted, untranslocatable,
constricted, invisible, very quick
A: horns 2, screaming 1, no stealth, inability to use devices, hated by all, no
hexes magic, no necromancy magic, no poison magic, disrupted magic 2,
retaliatory headbutt
a: Renounce Religion, Draw Out Power, Power Leap, Apocalypse


You were on level 4 of the Snake Pit.
You worshipped Ru.
Ru was exalted by your worship.
You visited 6 branches of the dungeon, and saw 28 of its levels.
You visited the Abyss 1 time.
You also visited: Bailey and Ice Cave.

You collected 2953 gold pieces.
You spent 1540 gold pieces at shops.

Inventory:

Hand Weapons
 a - a +4 hand axe of freezing
 v - the +8 demon blade "Leech" (weapon) {evervamp, Harm Drain rN+}
   (You bought it in a shop on level 2 of the Snake Pit)

   rN+:       It protects you from negative energy.
   Drain:     It drains your maximum health when unequipped.
   Harm:      It increases damage dealt and taken.
 D - a +2 battleaxe of freezing
 J - a +6 heavy hand axe
Armour
 c - a +2 pair of boots (worn)
 w - a +2 kite shield of protection (worn)
 E - a +0 cloak (worn)
 F - a +1 pair of gloves (worn)
 I - +5 ice dragon scales (worn)
 Y - a +0 tower shield
Jewellery
 b - the amulet of Loyneo (around neck) {Spirit rF+++}
   (You acquired it on level 10 of the Dungeon)

   [amulet of guardian spirit]

   Spirit:    It causes incoming damage to be divided between your reserves of
   health and magic.
   rF+++:     It renders you almost immune to fire.
 d - an amulet of guardian spirit
 l - a +5 ring of evasion
 y - a ring of willpower
 B - the ring "Resmoch" (right hand) {rPois rF+ rC+ Int-5 Dex+4}
   (You acquired it on level 2 of the Lair of Beasts)

   [ring of poison resistance]

   Int-5:     It affects your intelligence (-5).
   Dex+4:     It affects your dexterity (+4).
   rF+:       It protects you from fire.
   rC+:       It protects you from cold.
   rPois:     It protects you from poison
 K - a +6 ring of dexterity
 N - a ring of see invisible
 O - a ring of resist corrosion
 P - a ring of willpower
 S - the ring "Giuss" (left hand) {Ice rPois Slay+5}
   (You found it on level 4 of the Lair of Beasts)

   [ring of ice]

   Ice:       It enhances your ice magic.
   Slay+5:    It affects your accuracy & damage with ranged weapons and melee
   (+5).
   rF-:       It makes you vulnerable to fire.
   rC+:       It protects you from cold.
   rPois:     It protects you from poison
Scrolls
 h - 8 scrolls of teleportation
 i - 4 scrolls of immolation
 m - a scroll of fear
 q - 4 scrolls of fog
 t - 4 scrolls of identify
 z - 2 scrolls of vulnerability
 C - 2 scrolls of silence
 G - 2 scrolls of blinking
 H - a scroll of amnesia
 L - 4 scrolls of revelation
 M - 5 scrolls of enchant weapon
Potions
 e - a potion of heal wounds
 f - 6 potions of mutation
 g - 3 potions of enlightenment
 j - 2 potions of cancellation
 k - 4 potions of brilliance
 n - 10 potions of curing
 o - 2 potions of berserk rage
 p - 5 potions of attraction
 r - a potion of invisibility
 s - 3 potions of lignification
 u - 2 potions of haste
 x - 2 potions of magic
 A - 5 potions of might


   Skills:
 + Level 17.3 Fighting
 * Level 11.3 Long Blades
 - Level 20.9(21.0) Axes
 - Level 2.0(13.9) Polearms
 + Level 16.9 Armour
 + Level 15.6 Dodging
 + Level 15.0 Shields


You had 17 spell levels left.
You didn't know any spells.
Your spell library contained the following spells:

 Spells                   Type           Power      Damage    Failure   Level
 Freeze                   Ice            0%         1d3       97%         1
 Magic Dart               Conj           0%         1d3       97%         1
 Blink                    Tloc           0%         N/A       99%         2
 Lesser Beckoning         Tloc           0%         N/A       99%         2
 Searing Ray              Conj           0%         2d4       99%         2
 Static Discharge         Conj/Air       0%         3-3/arc   99%         2
 Frozen Ramparts          Ice            0%         1d1       100%        3
 Gell's Gravitas          Tloc           0%         N/A       100%        3
 Hailstorm                Conj/Ice       0%         3d3       100%        3
 Teleport Other           Tloc           0%         N/A       100%        3
 Volatile Blastmotes      Fire/Tloc      0%         2d10      100%        3
 Airstrike                Air            0%         2d(0-16)  100%        4
 Iskenderun's Mystic Bla  Conj/Tloc      0%         2d3       100%        4
 Manifold Assault         Tloc           0%         N/A       100%        4
 Dispersal                Tloc           0%         N/A       100%        6
 Disjunction              Tloc           0%         N/A       100%        8
 Summon Small Mammal      Summ           Unusable   N/A       N/A         1
 Call Canine Familiar     Summ           Unusable   N/A       N/A         3
 Summon Guardian Golem    Hex/Summ       Unusable   N/A       N/A         3
 Tukima's Dance           Hex            Unusable   N/A       N/A         3
 Dimensional Bullseye     Hex/Tloc       Unusable   N/A       N/A         4
 Fulminant Prism          Conj/Hex       Unusable   3d5       N/A         4
 Summon Ice Beast         Ice/Summ       Unusable   N/A       N/A         4
 Summon Lightning Spire   Summ/Air       Unusable   N/A       N/A         4
 Summon Mana Viper        Hex/Summ       Unusable   N/A       N/A         5
 Simulacrum               Ice/Necr       Unusable   N/A       N/A         6
 Monstrous Menagerie      Summ           Unusable   N/A       N/A         7

Dungeon Overview and Level Annotations

Branches:
Dungeon (13/15)            Temple (1/1) D:4            Lair (5/5) D:11
  Swamp (0/4) Lair:2        Snake (4/4) Lair:2        Slime (0/5) Lair:5
    Orc (2/2) D:11            Elf (3/3) Orc:2        Vaults (0/5) D:13
 Bailey (visited)           IceCv (visited)

Altars:
Ashenzari
Cheibriados
Dithmenos
Elyvilon
Gozag
Kikubaaqudgha
Makhleb
Nemelex Xobeh
Okawaru
Qazlal
Ru
Sif Muna
Trog
Uskayaw
Vehumet
Wu Jian
Xom
Zin
The Shining One

Shops:
D:8 (   Orc:2 [[(=   Elf:2 *   Snake:1 !   Snake:2 *[

Portals:
Trove: D:13 (give +3 gold dragon scales)

Annotations:
Lair:5 3 runed translucent doors, exclusion: obsidian statue, ongoing's ghost, journeyman BaHs
Snake:3 3 runed translucent doors, Kuunicon's ghost, adept DsGl


Innate Abilities, Weirdness & Mutations

You have a pair of horns on your head.
You occasionally shout uncontrollably at your foes.
You cannot be stealthy.
You cannot study or use magical devices.
You are hated by all.
You cannot study or cast Hexes magic.
You cannot study or cast Necromancy magic.
You cannot study or cast Poison magic.
Your casting is disrupted.
You reflexively headbutt those who attack you in melee.


Message History

The nagaraja hits you but does no damage. x2
You block the nagaraja's attack.
You slice the naga warrior!!
You feel better.
You headbutt the naga warrior!
The naga warrior is severely wounded.
You feel very sick.
The nagaraja points at you and mumbles some strange words.
The poison arrow hits you!
You are more poisoned.
You partially resist.
* * * LOW HITPOINT WARNING * * *
The nagaraja hits you with a +0 halberd!!
* * * LOW HITPOINT WARNING * * *
The nagaraja misses you.
The nagaraja hits you but does no damage.
The nagaraja barely misses you.
The nagaraja hits you from afar with a +0 halberd.
* * * LOW HITPOINT WARNING * * *
You slice the nagaraja!!
You feel better.
The nagaraja is heavily wounded.
You feel very sick. The nagaraja spits poison at you.
You block the splash of poison. The nagaraja spits poison at you.
You block the splash of poison. You block the naga warrior's attack.
The nagaraja hits you with a +0 halberd.
* * * LOW HITPOINT WARNING * * *
The nagaraja barely misses you.
The nagaraja hits you from afar with a +0 halberd!!
* * * LOW HITPOINT WARNING * * *
You hit the nagaraja.
You feel better.
You headbutt the nagaraja!
The nagaraja is severely wounded.
* * * LOW HITPOINT WARNING * * *
You feel very sick.
The nagaraja no longer looks unusually strong.
The nagaraja barely misses you. You furiously retaliate!
You headbutt the nagaraja!! The nagaraja grabs you.
The nagaraja constricts you.
* * * LOW HITPOINT WARNING * * *
The nagaraja hits you with a +0 club!
You die...

##..#.####..#..........)
##..#.##.....#.........
##...#....#...........
###.#..##.###.......#
###..####≈##.~~~.##
##).## ≈≈≈##~≈~## #..##
≈≈~~~##### #NN# #≈~....
#N@###~~~.~~~
##NNN†....≈~≈
##SN))≈.~~≈≈ ###~≈~.~≈≈~
###~.~≈≈~ ..~~~. #.....
###.~ ##


You could see 6 nagarajas, a naga warrior (blind) and a guardian serpent.

Vanquished Creatures
  Nikola (Elf:2)
  Jorgrun (Orc:1)
  Asterion (Snake:2)
  A deep elf blademaster (Elf:2)
  2 tentacled starspawn (Abyss:3)
  Agnes (Elf:2)
  A shadow dragon (Abyss:3)
  6 nagarajas
  A frost giant (IceCv)
  3 deep elf sorcerers
  Louise (Elf:2)
  A balrug (Abyss:3)
  A black draconian (Abyss:3)
  A deep elf demonologist (Elf:3)
  A deep elf annihilator (Elf:1)
  4 dire elephants (Lair:5)
  A deep elf high priest (Elf:3)
  A fire dragon (D:12)
  A great orb of eyes (Abyss:3)
  2 vault guards (D:13)
  A hydra (Lair:5)
  A catoblepas (D:13)
  2 centaur warriors (D:13)
  12 anacondas
  4 boulder beetles
  16 naga warriors
  4 two-headed ogres
  30 dancing weapons
  14 death yaks
  10 naga sharpshooters
  An orc high priest (Elf:1)
  3 sun demons (Abyss:3)
  11 deep elf knights
  Urug (D:11)
  8 shock serpents
  2 salamander mystics
  2 wretched stars (Abyss:3)
  3 spectral death yaks (Lair:5)
  A fire crab (D:11)
  3 sea snakes
  8 naga ritualists
  4 orc knights
  17 deep elf zephyrmancers
  4 deep elf archers
  15 deep elf pyromancers
  4 arcanists
  6 necromancers
  15 mana vipers
  A manticore (D:11)
  An orc sorcerer (Bailey)
  3 oklob plants (Lair:5)
  An ugly thing (IceCv)
  The ghost of Salticid the Martial Artist, a novice OpSh of Wu Jian (D:6)
  5 cyclopes
  9 salamanders
  2 dire elephant zombies (Lair:5)
  Joseph (D:10)
  25 elephants
  6 guardian serpents
  A smoke demon (Abyss:3)
  A gargoyle (D:13)
  15 naga magi
  29 black mambas
  An ice statue (IceCv)
  8 cane toads
  2 kobold demonologists
  8 rime drakes
  6 komodo dragons
  2 guardian mummies (D:13)
  An ancient zyme (Abyss:3)
  6 trolls
  7 polar bears
  2 hornets (D:8)
  4 blink frogs (Lair:5)
  5 dream sheep (Lair:4)
  A shadow (Abyss:3)
  2 wyverns
  2 water elementals (Elf:1)
  An air elemental (Elf:1)
  43 yaks
  16 humans (D:13)
  5 large abominations (Abyss:3)
  A fire bat (Abyss:3)
  2 wraiths
  2 basilisks
  12 vampire mosquitoes
  A fire elemental (Elf:1)
  4 steam dragons
  3 wargs
  2 spectral cane toads (Lair:5)
  40 nagas
  4 acid dragons
  2 swamp worms (Lair:2)
  17 water moccasins
  58 orc warriors
  An ice beast (D:8)
  A sky beast (D:8)
  A boggart (Elf:1)
  2 elephant skeletons (Lair:5)
  14 centaurs
  9 ogres
  12 wolves
  3 kobold brigands
  13 bullfrogs
  3 gnoll sergeants
  3 cane toad simulacra (Lair:5)
  An earth elemental (Elf:2)
  A scorpion (D:7)
  13 wights
  3 small abominations (Abyss:3)
  4 killer bees (D:9)
  7 howler monkeys
  7 electric eels
  A jelly (D:8)
  5 quasits
  2 hounds (D:6)
  2 gnoll boudas
  20 orc priests
  Crazy Yiuf (D:2)
  3 iron imps (D:9)
  3 hell rats (Lair:2)
  3 iguanas
  21 orc wizards
  Natasha (D:3)
  A mummy (D:3)
  20 gnolls
  6 adders
  9 river rats (Lair:2)
  14 white imps
  2 ufetubi (Abyss:3)
  2 worms (D:2)
  2 dart slugs
  121 orcs
  6 endoplasms
  13 giant cockroaches
  6 hobgoblins
  5 jackals
  5 quokkas
  3 ball pythons
  2 bats
  5 frilled lizards
  25 goblins
  15 kobolds
  12 rats
  2 starspawn tentacles (Abyss:3)
1041 creatures vanquished.

Vanquished Creatures (others)
  A dire elephant (Lair:5)
  A catoblepas (Lair:3)
  2 dancing weapons (Elf:2)
  2 deep elf knights (Elf:2)
  A spectral anaconda (Lair:5)
  An orc knight (Orc:2)
  A deep elf pyromancer (Elf:2)
  A deep elf zephyrmancer (Elf:2)
  An elephant (Lair:3)
  2 black mambas
  A human (D:13)
  2 orcs (Orc:2)
  A lurking horror (Abyss:3)
  2 starspawn tentacles (Abyss:3)
19 creatures vanquished.

Grand Total: 1060 creatures vanquished

Notes
Turn   | Place    | Note
-------+----------+-------------------------------------------
     0 | D:1      | BinkBink the Minotaur Monk began the quest for the Orb.
     0 | D:1      | Reached XP level 1. HP: 19/19 MP: 0/0
   244 | D:1      | Reached XP level 2. HP: 19/27 MP: 1/1
   378 | D:1      | Reached skill level 4 in Axes
   481 | D:1      | Found a faded altar of an unknown god.
   804 | D:2      | Reached skill level 1 in Armour
   933 | D:2      | Reached XP level 3. HP: 33/33 MP: 2/2
  1392 | D:2      | Found a runed translucent door.
  1393 | D:2      | Noticed Crazy Yiuf
  1770 | D:3      | Found a blossoming altar of Fedhas.
  1789 | D:3      | Identified the +1 mace of Ditroa {freeze, Contam rElec MP+9
                  | Dex+6}
  1843 | D:3      | Reached XP level 4. HP: 40/40 MP: 3/3
  2018 | D:3      | Noticed Natasha
  2022 | D:3      | Killed Natasha
  2023 | D:3      | Reached skill level 1 in Polearms
  2219 | D:3      | Found a snail-covered altar of Cheibriados.
  2504 | D:4      | Reached XP level 5. HP: 47/47 MP: 4/4
  2647 | D:4      | Found a staircase to the Ecumenical Temple.
  2916 | Temple   | Entered the Ecumenical Temple
  2946 | Temple   | Became a worshipper of Ru the Awakened
  2950 | Temple   | Gained mutation: You cannot study or cast Poison magic. [Ru
                  | sacrifice]
  2950 | Temple   | Gained mutation: You cannot study or cast Hexes magic. [Ru
                  | sacrifice]
  2950 | Temple   | Gained mutation: You cannot study or cast Necromancy magic.
                  | [Ru sacrifice]
  2950 | Temple   | Reached * piety under Ru
  3093 | D:4      | Noticed an ogre
  3097 | D:4      | Killed an ogre
  3098 | D:4      | Reached skill level 5 in Fighting
  3098 | D:4      | Reached skill level 5 in Axes
  3098 | D:4      | Reached XP level 6. HP: 32/56 MP: 5/5
  3267 | D:4      | Found a shimmering altar of Xom.
  3444 | D:5      | Entered Level 5 of the Dungeon
  3843 | D:5      | Found an iron altar of Okawaru.
  3863 | D:5      | Found a shadowy altar of Dithmenos.
  4006 | D:5      | Found a sparkling altar of Nemelex Xobeh.
  4007 | D:5      | Noticed a wyvern
  4018 | D:5      | Killed a wyvern
  4019 | D:5      | Reached skill level 6 in Axes
  4019 | D:5      | Reached skill level 5 in Dodging
  4019 | D:5      | Reached XP level 7. HP: 10/62 MP: 6/6
  4473 | D:6      | Found a transporter.
  4480 | D:6      | Noticed Salticid's ghost (novice OpSh)
  4490 | D:6      | Found a transporter.
  4521 | D:6      | Noticed a steam dragon
  4527 | D:6      | Killed a steam dragon
  4528 | D:6      | Reached skill level 7 in Axes
  4655 | D:6      | Reached XP level 8. HP: 34/70 MP: 7/7
  4967 | D:6      | Reached skill level 5 in Armour
  5055 | D:6      | Reached skill level 8 in Axes
  5460 | D:7      | Reached skill level 9 in Axes
  5471 | D:7      | Reached XP level 9. HP: 25/79 MP: 8/8
  5767 | D:7      | Found a stormy altar of Qazlal.
  5951 | D:7      | Reached skill level 10 in Axes
  6642 | D:8      | Reached skill level 1 in Shields
  6783 | D:8      | Found a glowing golden altar of the Shining One.
  6887 | D:8      | Found Moif's Weapon Shoppe.
  6906 | D:8      | Reached skill level 11 in Axes
  6906 | D:8      | Reached XP level 10. HP: 72/90 MP: 9/9
  6906 | D:8      | Gained mutation: You are hated by all. [Ru sacrifice]
  6906 | D:8      | Reached ** piety under Ru
  6906 | D:8      | Reached *** piety under Ru
  7475 | D:9      | Found a flagged portal.
  7547 | Bailey   | Entered a bailey
  7970 | Bailey   | Noticed an orc sorcerer
  7985 | Bailey   | Noticed a rust devil
  7991 | Bailey   | Killed an orc sorcerer
  8508 | Bailey   | Found an iron altar of Okawaru.
  8543 | Bailey   | Identified the +2 sling of Purpose {antimagic, rPois Str+5
                  | Stlth-}
  8557 | Bailey   | Noticed an orange demon
  8581 | Bailey   | Reached skill level 12 in Axes
  8691 | Bailey   | Identified the +0 shortbow of Insufficient Pleasure {drain,
                  | Dex+5}
  9856 | D:9      | Reached XP level 11. HP: 99/99 MP: 10/10
 10018 | D:9      | Found a burning altar of Makhleb.
 10245 | D:10     | Entered Level 10 of the Dungeon
 10254 | D:10     | Reached skill level 5 in Shields
 10279 | D:10     | Gained mutation: Your casting is slightly disrupted. [Ru
                  | sacrifice]
 10709 | D:10     | Reached skill level 13 in Axes
 10724 | D:10     | Reached skill level 10 in Fighting
 11042 | D:10     | Noticed Joseph
 11064 | D:10     | Killed Joseph
 11603 | D:11     | Found a staircase to the Lair.
 11603 | D:11     | Noticed a fire crab
 11787 | D:10     | Reached skill level 14 in Axes
 11787 | D:10     | Reached skill level 10 in Armour
 11787 | D:10     | Reached XP level 12. HP: 108/108 MP: 11/11
 12089 | D:11     | Noticed Urug
 12108 | D:11     | Killed Urug
 12109 | D:11     | Reached skill level 10 in Dodging
 12311 | D:10     | Acquired the amulet of Loyneo {Spirit rF+++}
 12678 | D:11     | Noticed a boulder beetle
 12678 | D:11     | Noticed a boulder beetle
 12735 | D:11     | Killed a boulder beetle
 12772 | D:11     | Killed a boulder beetle
 12963 | D:11     | Noticed a two-headed ogre
 12971 | D:11     | Reached skill level 15 in Axes
 12973 | D:11     | Killed a two-headed ogre
 13345 | D:11     | Found a staircase to the Orcish Mines.
 13535 | D:11     | Noticed a two-headed ogre
 13567 | D:11     | Killed a two-headed ogre
 13965 | D:12     | Noticed a fire dragon
 14031 | D:12     | Noticed a two-headed ogre
 14048 | D:12     | Killed a two-headed ogre
 14049 | D:12     | Reached XP level 13. HP: 117/117 MP: 12/12
 14065 | D:12     | Gained mutation: You cannot be stealthy. [Ru sacrifice]
 14065 | D:12     | Reached **** piety under Ru
 14539 | D:12     | Killed a fire dragon
 14832 | D:12     | Reached skill level 16 in Axes
 15205 | D:13     | Identified the of Goedokho
 15333 | D:13     | Found a portal to a secret trove of treasure.
 16150 | D:13     | Found a gate to the Vaults.
 16764 | D:14     | Identified the of Durack
 16764 | Lair:1   | Entered Level 1 of the Lair of Beasts
 16839 | Orc:1    | Entered Level 1 of the Orcish Mines
 17252 | Orc:1    | Noticed Jorgrun
 17339 | Orc:1    | Found a frozen archway.
 17350 | IceCv    | Entered an ice cave
 17363 | IceCv    | Reached skill level 17 in Axes
 17910 | IceCv    | Reached XP level 14. HP: 85/127 MP: 9/13
 18559 | IceCv    | Reached skill level 10 in Shields
 18761 | IceCv    | Noticed a frost giant
 18812 | IceCv    | Killed a frost giant
 19265 | Orc:1    | Killed Jorgrun
 20082 | Orc:2    | Entered Level 2 of the Orcish Mines
 21041 | Orc:2    | Reached skill level 18 in Axes
 21150 | Orc:2    | Found a staircase to the Elven Halls.
 21370 | Orc:2    | Gained mutation: Your casting is disrupted. [Ru sacrifice]
 21430 | Orc:2    | Found Rocy Cid's Weapon Emporium.
 21430 | Orc:2    | Found Tanuad's Armour Boutique.
 21432 | Orc:2    | Found Tyor's Armour Shop.
 21434 | Orc:2    | Found Someahe's Jewellery Shoppe.
 23282 | Lair:2   | Found a staircase to the Snake Pit.
 23444 | Lair:2   | Found a staircase to the Swamp.
 23897 | Lair:2   | Acquired the ring "Resmoch" {rPois rF+ rC+ Int-5 Dex+4}
 24089 | Lair:3   | Reached XP level 15. HP: 82/138 MP: 10/14
 25057 | Lair:4   | Reached skill level 19 in Axes
 25284 | Lair:4   | Identified the ring "Giuss" {Ice rPois Slay+5}
 25322 | Lair:5   | Entered Level 5 of the Lair of Beasts
 25915 | Lair:5   | HP: 5/139 [rime drake/icy flash freeze (6)]
 26401 | Lair:5   | Found a runed translucent gate.
 26401 | Lair:5   | Found a runed translucent gate.
 26401 | Lair:5   | Found a runed translucent gate.
 26402 | Lair:5   | Noticed an acid blob
 26403 | Lair:5   | Noticed an azure jelly
 26404 | Lair:5   | Noticed an azure jelly
 26404 | Lair:5   | Noticed ongoing's ghost (journeyman BaHs)
 26404 | Lair:5   | Noticed an acid blob
 26405 | Lair:5   | Noticed an azure jelly
 26405 | Lair:5   | Noticed an acid blob
 26405 | Lair:5   | Noticed an azure jelly
 26405 | Lair:5   | Noticed an acid blob
 26406 | Lair:5   | Noticed an azure jelly
 26436 | Lair:5   | Found a staircase to the Slime Pits.
 27358 | Lair:5   | Identified the +1 robe of the Guilds {rN+++ Regen+ Slay-4
                  | SInv}
 28921 | Snake:1  | Entered Level 1 of the Snake Pit
 29363 | Snake:1  | Identified the +3 whip of the Postmodern Deaths {drain, Fly
                  | Str+4}
 29398 | Snake:1  | Reached skill level 20 in Axes
 29586 | Snake:1  | Noticed a nagaraja
 29600 | Snake:1  | Killed a nagaraja
 29607 | Snake:1  | Reached skill level 15 in Fighting
 29808 | Snake:1  | Noticed a nagaraja
 29833 | Snake:1  | Killed a nagaraja
 29842 | Snake:1  | Reached XP level 16. HP: 45/149 MP: 8/15
 30325 | Snake:1  | Found Huzit's Distillery.
 30988 | Snake:2  | Noticed Asterion
 31015 | Snake:2  | Killed Asterion
 31422 | Snake:2  | Reached skill level 15 in Armour
 31434 | Snake:2  | Gained mutation: You cannot study or use magical devices.
                  | [Ru sacrifice]
 31434 | Snake:2  | Reached ***** piety under Ru
 31606 | Snake:2  | Found Anay's Specialty Armours.
 32440 | Snake:2  | Found Somar's General Store.
 32445 | Snake:2  | Bought the +8 demon blade "Leech" {evervamp, Harm Drain
                  | rN+} for 1540 gold pieces
 32445 | Snake:2  | Found the +8 demon blade "Leech" {evervamp, Harm Drain rN+}
 32684 | Snake:2  | Reached skill level 1 in Long Blades
 32945 | Snake:3  | Found a runed translucent gate.
 32945 | Snake:3  | Found a runed translucent gate.
 32946 | Snake:3  | Found a runed translucent gate.
 33937 | Snake:3  | Gained mutation: You occasionally shout uncontrollably at
                  | your foes. [Ru sacrifice]
 33937 | Snake:3  | Reached ****** piety under Ru
 34271 | Snake:3  | Found a radiant altar of Vehumet.
 34406 | Snake:3  | Noticed Kuunicon's ghost (adept DsGl)
 34894 | Snake:4  | Entered Level 4 of the Snake Pit
 34946 | Snake:4  | Reached skill level 5 in Long Blades
 35744 | Snake:4  | Reached XP level 17. HP: 146/158 MP: 14/16
 36390 | D:2      | Killed Crazy Yiuf
 36591 | D:6      | Killed Salticid's ghost
 36799 | Depths:1 | Identified the of Nupadit
 36799 | Depths:2 | Identified the "Oryuga"
 36799 | Elf:1    | Entered Level 1 of the Elven Halls
 36891 | Elf:1    | Identified the +9 trident of Wetiess {protect, Dex+4}
 37903 | Elf:1    | Reached skill level 15 in Dodging
 38422 | Elf:2    | Found Luighith's Neck Hole.
 38611 | Elf:2    | Found a runed translucent gate.
 38612 | Elf:2    | Found a runed translucent gate.
 38612 | Elf:2    | Found a runed translucent gate.
 39517 | Elf:2    | Noticed Agnes
 39523 | Elf:2    | Killed Agnes
 39536 | Elf:2    | Noticed Louise
 39539 | Elf:2    | Noticed Nikola
 39556 | Elf:2    | Killed Nikola
 39560 | Elf:2    | Killed Louise
 39765 | Elf:2    | Reached skill level 10 in Long Blades
 40133 | Elf:3    | Identified the "Sunkomme"
 40133 | Elf:3    | Identified the of Xuuweczi
 40133 | Elf:3    | Identified the "Fagilieps"
 40133 | Elf:3    | Entered Level 3 of the Elven Halls
 40244 | Elf:3    | Noticed a deep elf blademaster
 40248 | Abyss:3  | Found a corrupted altar of Lugonu.
 40248 | Abyss:3  | Cast into level 3 of the Abyss (a deep elf sorcerer)
 40297 | Abyss:3  | Reached XP level 18. HP: 126/169 MP: 14/17
 40368 | Abyss:3  | Found a corrupted altar of Lugonu.
 40376 | Abyss:3  | Found a corrupted altar of Lugonu.
 40529 | Elf:3    | Escaped the Abyss
 41240 | Snake:4  | Reached skill level 15 in Shields
 41396 | Snake:4  | HP: 11/255 [nagaraja/+0 halberd (34)]
 41397 | Snake:4  | Mangled by a nagaraja

Illustrated notes

Levels and vault maps discovered:
D:1:      saegor_arrival_simple_e, layout_loops_ring,
          hellmonk_ecumenical_altar_prayer_group
D:2:      layout_loops_ring, uniq_crazy_yiuf_cottage
D:3:      minmay_roachtagon, layout_loops_cross,
          mainiacjoe_overflow_small_starburst, slow_altar_1, uniq_natasha
D:4:      layout_basic, kennysheep_little_box,
          minmay_temple_entry_gardened_gates
D:5:      layout_loops_ring, mainiacjoe_overflow_swirl,
          nemelex_xobeh_ov_fountains_minmay
D:6:      layout_loops_ring, gammafunk_ghost_stat_death
D:7:      layout_loops_corners, mainiacjoe_overflow_catwalk,
          hangedman_decor_opposing
D:8:      layout_basic, tso_metal_star, nicolae_take_the_stairs
D:9:      layout_roguey, demons_altar, enter_bailey_3,
          chequers_serial_rivers_large_a
D:10:     layout_basic, uniq_joseph
D:11:     minmay_thinvault, layout_loops_ring, minmay_lair_entry_lava,
          david_orc_5, uniq_urug
D:12:     layout_roguey, lightli_minifort
D:13:     layout_loops_ring, grunt_vaults_entry_tiered,
          nicolae_trove_entry_path_of_doom
Temple:   hellmonk_temple_forest_ring
Lair:1:   layout_loops_ring
Lair:2:   layout_cellular_growth, minmay_swamp_entry_worms,
          nicolae_snake_entry_squirm, kennysheep_abandoned_house
Lair:3:   layout_misc_corridors, grunt_megastairs_2, serial_bayou_shore_a
Lair:4:   layout_small_grid, serial_forest, infiniplex_forest_lined_4_way,
          infiniplex_forest_clump_C, infiniplex_forest_end_1,
          infiniplex_forest_3_way, infiniplex_forest_straight_2,
          grunt_forest_small_clearing_treed, lemuel_fruit_fields
Lair:5:   due_jungle_book, layout_big_grid, minmay_slime_entry_oklob_enclosed,
          gammafunk_ghost_ooze
Snake:1:  hangedman_cross_stitches, layout_onion, special_room, serial_shops,
          shop
Snake:2:  layout_chambers, serial_shops, nicolae_shop_tiny_real_fake_doors,
          nicolae_barding_shop, uniq_asterion
Snake:3:  layout_chambers, gammafunk_ghost_split, basic_altar
Snake:4:  grunt_snake_rune_pools, layout_concentric_octagons,
          nicolae_snake_gridmaze_swirls
Orc:1:    layout_caves, portal_ice_cave_entry_imps, hangedman_feature_mirror,
          guppyfry_library_mini, uniq_jorgrun
Orc:2:    st_orc_rangers, layout_diamond_mine, basic_altar
Elf:1:    layout_geoelf_octagon, hangedman_elf_disciples
Elf:2:    nicolae_elf_blades_crystal_corner, layout_gridlike,
          minmay_strange_pillars, minivault_19, minivault_23,
          nicolae_shop_sticking_my_neck_out, uniq_louise, uniq_nikola,
          uniq_agnes
Elf:3:    nooodl_elf_gasket, layout_rooms, serial_shops, shop,
          kilobyte_rumbling_trees

Skill      XL: |  1  2  3  4  5  6  7  8  9 10 11 12 13 14 15 16 17 18 |
---------------+-------------------------------------------------------+-----
Axes           | 4 5 6 7 9 11 12 14 15 17 18 20 | 20.9
Armour         | 1 2 3 4 6 7 8 10 11 12 13 14 15 16 | 16.9
Fighting       | 4 5 6 7 8 9 10 11 12 14 15 16 17 | 17.3
Polearms       | 1 2 |  2.0
Dodging        | 4 5 6 7 8 9 10 11 12 13 14 15 | 15.6
Shields        | 2 4 6 8 9 11 12 13 14 15 | 15.0
Long Blades    | 6 10 11 | 11.3

Action                     |  1- 3 |  4- 6 |  7- 9 | 10-12 | 13-15 | 16-18 || total
---------------------------+-------+-------+-------+-------+-------+-------++-------
  Melee: Hand axe          |    52 |    54 |   197 |   669 |  1959 |   599 ||  3530
         Headbutt          |    12 |    19 |    60 |   179 |   599 |   297 ||  1166
         Spear             |    24 |    35 |       |       |       |       ||    59
         Demon blade       |       |       |       |       |       |   478 ||   478
 Invoke: Sacrifice Arcana  |       |     1 |       |       |       |       ||     1
         Sacrifice Love    |       |       |       |     1 |       |       ||     1
         Sacrifice Essence |       |       |       |     1 |     1 |       ||     2
         Reject Sacrifices |       |       |       |       |     2 |       ||     2
         Sacrifice Stealth |       |       |       |       |     1 |       ||     1
         Sacrifice Purity  |       |       |       |       |       |     1 ||     1
         Sacrifice Artific |       |       |       |       |       |     1 ||     1
         Power Leap        |       |       |       |       |       |     1 ||     1
  Evoke: Wand              |       |       |       |       |     1 |       ||     1
    Use: Scroll            |       |     6 |     5 |    10 |    23 |    10 ||    54
         Potion            |       |       |     1 |     3 |     5 |     5 ||    14
   Stab: Sleeping          |       |       |     1 |       |       |       ||     1
         Invisible         |       |       |       |     4 |    12 |    10 ||    26
         Distracted        |       |       |       |     3 |     7 |     7 ||    17
         Paralysed         |       |       |       |       |       |     2 ||     2
 Armour: Robe              |    21 |     3 |       |       |       |       ||    24
         Leather armour    |       |    24 |    26 |       |       |       ||    50
         Steam dragon scal |       |       |    36 |    89 |       |       ||   125
         Scale mail        |       |       |       |    25 |    68 |       ||    93
         Ring mail         |       |       |       |    85 |   198 |       ||   283
         Ice dragon scales |       |       |       |       |   464 |   461 ||   925
  Dodge: Dodged            |    45 |    41 |   127 |   271 |   828 |   355 ||  1667
  Block: Kite shield       |       |       |    27 |   245 |   750 |   333 ||  1355
         Tower shield      |       |       |       |       |    57 |   378 ||   435

Table legend: (Time is in decaauts)
 A = Elapsed time spent in this place.
 B = Non-inter-level travel time spent in this place.
 C = Inter-level travel time spent in this place.
 D = Time resting spent in this place.
 E = Time spent auto-exploring this place.
 F = Levels seen in this place.
 G = Mean time per level.
                   A        B        C        D        E       F      G
               +--------+--------+--------+--------+--------+-----+--------+
         Total |  40599 |  37954 |   2645 |   5085 |  26239 |  31 | 1309.6 |
       Dungeon |  15617 |  14199 |   1418 |    691 |  11155 |  13 | 1201.3 |
        Temple |     45 |      4 |     41 |      0 |      0 |   1 |   45.0 |
          Lair |   7295 |   6772 |    523 |    726 |   4913 |   5 | 1459.0 |
     Snake Pit |   7174 |   6958 |    216 |    951 |   4910 |   4 | 1793.5 |
  Orcish Mines |   2898 |   2614 |    284 |    354 |   1683 |   2 | 1449.0 |
   Elven Halls |   3781 |   3619 |    162 |    770 |   2208 |   3 | 1260.3 |
         Abyss |    264 |    264 |      0 |     33 |     94 |   1 |  264.0 |
        Bailey |   1712 |   1712 |      0 |    797 |    587 |   1 | 1712.0 |
      Ice Cave |   1809 |   1809 |      0 |    763 |    688 |   1 | 1809.0 |
               +--------+--------+--------+--------+--------+-----+--------+

Top non-repeatable levels by time:
  Lair:5: 2791 daAuts
    D:11: 2439 daAuts
 Snake:3: 2148 daAuts
   Elf:2: 2052 daAuts
 Snake:2: 2007 daAuts
 Snake:1: 1927 daAuts
   IceCv: 1809 daAuts
  Bailey: 1712 daAuts
  Lair:2: 1617 daAuts
   Elf:1: 1601 daAuts
    D:10: 1565 daAuts
   Orc:1: 1503 daAuts
   Orc:2: 1394 daAuts
    D:12: 1324 daAuts
    D:13: 1317 daAuts
